 Dungeon Crawl Stone Soup version 0.18.1-6-gd335043 (webtiles) character file.

78 stauk the Conjurer (level 4, -2/24 HPs)
             Began as a Kobold Conjurer on May 19, 2016.
             Slain by a gnoll
             ... wielding a +0 flail
              (9 damage)
             ... on level 2 of the Dungeon.
             The game lasted 00:18:11 (2944 turns).

stauk the Conjurer (Kobold Conjurer)                Turns: 2944, Time: 00:18:11

Health: -2/24      AC:  2    Str:  6    XL:     4   Next: 61%
Magic:  3/9        EV: 15    Int: 14    God:
Gold:   58         SH:  0    Dex: 16    Spells: 2 memorised, 7 levels left

rFire  . . .     SeeInvis .     d - -1 spear (curse)
rCold  . . .     Gourm    .     a - +0 robe
rNeg   . . .     Faith    .     (shield restricted)
rPois  .         Spirit   .     (no helmet)
rElec  .         Dismiss  .     (no cloak)
rCorr  .         Reflect  .     (no gloves)
SustAt .         Harm     .     (no boots)
MR     .....                    (no amulet)
Stlth  ++........               (no ring)
                                (no ring)

@: not resistant to hostile enchantments, unstealthy
A: carnivore 3
a: no special abilities


You were on level 2 of the Dungeon.
You were completely stuffed.

You visited 1 branch of the dungeon, and saw 3 of its levels.

You collected 58 gold pieces.

Inventory:

Hand Weapons
 d - a cursed -1 spear (weapon)
 e - a cursed -2 spear
 f - a +0 short sword
 g - a +0 flail
 m - a +0 dagger
 t - a +1 whip of electrocution
Missiles
 h - 32 arrows
 i - 73 stones (quivered)
Armour
 a - a +0 robe (worn)
 q - a +0 scale mail
Wands
 s - a wand of lightning (6/15)
Scrolls
 n - a scroll of identify
Potions
 j - a potion of cure mutation {unknown}
 l - a potion of agility {unknown}
 o - a potion of heal wounds {unknown}
Books
 b - a book of Conjurations

   Spells                             Type                      Level
   a - Magic Dart                     Conjuration                  1
   b - Searing Ray                    Conjuration                  2
   c - Dazzling Spray                 Conjuration/Hexes            3
   d - Fulminant Prism                Conjuration/Hexes            4
   e - Iskenderun's Mystic Blast      Conjuration                  4
   f - Iskenderun's Battlesphere      Conjuration/Charms           5
Comestibles
 c - a meat ration
 k - a slice of pizza
 p - 7 fruits


   Skills:
 - Level 2.4 Dodging
 - Level 2.6 Stealth
 * Level 3.8 Spellcasting
 - Level 4.0 Conjurations


You had 7 spell levels left.
You knew the following spells:

 Your Spells              Type           Power        Failure   Level  Hunger
a - Magic Dart            Conj           ##..         4%          1    None
b - Searing Ray           Conj           ##....       10%         2    ##.....


Dungeon Overview and Level Annotations

Branches:
Dungeon (3/15)

Altars:


Innate Abilities, Weirdness & Mutations

You are small and have problems with some larger weapons.
You are carnivorous and can eat meat at any time.


Message History

The gnoll hits you with a flail!
* * * LOW HITPOINT WARNING * * *
The gnoll closely misses you. The gnoll hits you with a flail.
* * * LOW HITPOINT WARNING * * *
You climb upwards.
There is a stone staircase leading down here.
Casting: Searing Ray
Confirm with . or Enter, or press ? or * to list all spells.
Aiming: Searing Ray
Press: ? - help, Shift-Dir - straight line, f - gnoll
Aim: a gnoll, wielding a flail (severely wounded)
The searing ray hits the gnoll.
The gnoll is almost dead.
The gnoll closely misses you.
Casting: Searing Ray
Confirm with . or Enter, or press ? or * to list all spells.
Okay, then.
The gnoll hits you with a flail!
You die...

..####......r..#.##....##.###....
.## ##.......##.###..###.# ###.#
## ##.....###.###..# #.# #.# #
##...## #......###.# #.# #
###'#########......# #.#
#....r..r.# #.###### #.#
#.#.#####.# #.## #####.# #.#.##
#g# #..#####......
#....####@####.#.#.#.#.#.. ###
#..............)........## ..#
#.....###.##.#.#.#.#.#.## #.#
#.#.#.# #.##.......>....##
#.######.#.#.###.####.#.#.#.#.#..
#................# #...........##
##########.####### ##.#.#.#.#.##
#.# #...........# #.#
##.#.#.#.#.##


You could see a gnoll and a rat.

Vanquished Creatures
  A gnoll (D:3)
  An adder (D:2)
  An ooze (D:2)
  A worm (D:2)
  A dart slug (D:2)
  3 giant geckos
  An orc (D:2)
  8 bats
  3 giant cockroaches
  4 goblins
  9 hobgoblins
  A kobold (D:1)
  A quokka (D:2)
  2 giant newts
  6 rats
43 creatures vanquished.

Notes
Turn   | Place    | Note
--------------------------------------------------------------
     0 | D:1      | stauk the Kobold Conjurer began the quest for the Orb.
     0 | D:1      | Reached XP level 1. HP: 10/10 MP: 3/3
   324 | D:1      | Reached XP level 2. HP: 15/15 MP: 2/5
   901 | D:1      | Reached XP level 3. HP: 19/19 MP: 4/7
  1473 | D:1      | Learned a level 2 spell: Searing Ray
  1838 | D:2      | Reached skill level 4 in Conjurations
  2413 | D:2      | Reached XP level 4. HP: 23/24 MP: 4/8
  2944 | D:2      | Slain by a gnoll

Skill      XL: |  1  2  3 |
---------------+----------+-----
Spellcasting   | 3 |  3.8
Conjurations   | 4 |  4.0
Dodging        | |  2.4
Stealth        | |  2.6

Action                   |  1- 3 |  4- 6 || total
-------------------------+-------+-------++-------
Melee: Spear             |    29 |       ||    29
       Unarmed           |     3 |       ||     3
 Cast: Magic Dart        |    87 |    13 ||   100
       Searing Ray       |     4 |     5 ||     9
  Use: Scroll            |     4 |     1 ||     5
 Stab: Sleeping          |     1 |       ||     1
  Eat: Chunk             |    14 |     2 ||    16
Armor: Robe              |     6 |     1 ||     7
Dodge: Dodged            |    28 |     7 ||    35
